 Dungeon Crawl Stone Soup version 0.21.1-1-g345015f (webtiles) character file.

758 inc the Covert (level 7, 0/33 HPs)
             Began as a Felid Monk on Feb 21, 2018.
             Was an Elder of Wu Jian.
             Slain by a water moccasin (5 damage)
             ... on level 7 of the Dungeon.
             The game lasted 00:27:35 (9351 turns).

inc the Covert (Felid Monk)                         Turns: 9351, Time: 00:27:35

Health: 0/33       AC:  2    Str:  5 (7)  XL:     7   Next: 50%
Magic:  8/8        EV: 24    Int: 11 (13) God:    Wu Jian [****..]
Gold:   414        SH:  0    Dex: 17 (19) Spells: 2/6 levels left
                                        Lives:  0   Deaths: 2

rFire    . . .     SeeInvis +     - Unarmed
rCold    . . .     Gourm    .   (shield unavailable)
rNeg     + . .     Faith    .   (armour unavailable)
rPois    .         Spirit   .   (helmet unavailable)
rElec    .         Reflect  .   (cloak unavailable)
rCorr    .         Harm     .   (gloves unavailable)
MR       +....                  (boots unavailable)
Stlth    ++++......             (no amulet)
HPRegen  0.11/turn              l - ring of positive energy
MPRegen  0.11/turn              (no ring)

@: lethally poisoned (0 -> -14), flying, quick
A: very small, no armour, no weapons or thrown items, stealth, claws 1, fangs 3,
see invisible, carnivore, speed 1, shaggy fur 2, slow metabolism 1, sharp paws
a: Wall Jump, Serpent's Lash, Renounce Religion


You were on level 7 of the Dungeon.
You worshipped Wu Jian.
Wu Jian was greatly pleased with you.
You were not hungry.

You visited 2 branches of the dungeon, and saw 9 of its levels.
You also visited: Ossuary.

You collected 414 gold pieces.

Inventory:

Jewellery
 l - a ring of positive energy (left paw)
Wands
 w - a wand of scattershot (4)
 y - a wand of iceblast (5)
Scrolls
 b - 4 scrolls of amnesia {unknown}
 c - a scroll of immolation {unknown}
 d - 5 scrolls of identify {unknown}
 e - 3 scrolls of teleportation {unknown}
 f - 2 scrolls of fear {unknown}
 j - 2 scrolls of magic mapping {unknown}
 n - 9 scrolls of remove curse {unknown}
 r - a scroll of enchant armour {unknown}
 v - a scroll of blinking {unknown}
 x - a scroll of fog {unknown}
Potions
 g - a potion of lignification {unknown}
 h - 2 potions of degeneration
 i - 3 potions of flight
 k - 2 potions of curing {unknown}
 m - 2 potions of might {unknown}
 o - 3 potions of brilliance {unknown}
 p - 2 potions of resistance {unknown}
 q - a potion of mutation {unknown}
 t - 2 potions of cancellation {unknown}
 u - a potion of agility {unknown}
 z - a potion of berserk rage {unknown}
Books
 s - a book of Misfortune

   Spells                             Type                      Level
   a - Confusing Touch                Hexes                        1
   b - Confuse                        Hexes                        3
   c - Gell's Gravitas                Translocation                3
   d - Petrify                        Transmutation/Earth          4
   e - Metabolic Englaciation         Hexes/Ice                    5
   f - Yara's Violent Unravelling     Hexes/Transmutation          5
Comestibles
 a - 11 rations


   Skills:
 - Level 5.6 Fighting
 - Level 8.3 Dodging
 * Level 9.0 Stealth
 - Level 7.1 Unarmed Combat
 - Level 4.6 Hexes


You had 2 spell levels left.
You knew the following spells:

 Your Spells              Type           Power        Failure   Level  Hunger
a - Confusing Touch       Hex            ##....       5%          1    ##.....
b - Confuse               Hex            ##......     16%         3    ####...


Dungeon Overview and Level Annotations

Branches:
Dungeon (8/15)             Temple (1/1) D:4
   Lair: D:8-11

Altars:
Ashenzari
Cheibriados
Dithmenos
Elyvilon
Fedhas
Gozag
Hepliaklqana
Kikubaaqudgha
Makhleb
Nemelex Xobeh
Okawaru
Qazlal
Ru
Sif Muna
Trog
Uskayaw
Vehumet
Wu Jian
Xom
Yredelemnul
Zin
The Shining One

Shops:
D:4 *

Annotations:
D:8 Joseph


Innate Abilities, Weirdness & Mutations

You cannot wear armour.
You are incapable of wielding weapons or throwing items.
Your paws allow you to move quietly. (Stealth)
You have sharp claws.
You have razor-sharp teeth.
You have supernaturally acute eyesight. (SInv)
You are carnivorous and can eat meat at any time.
You cover ground quickly.
You are covered in thick fur. (AC +2)
You have a slow metabolism.
Your sharp claws are effective at attacking unaware monsters.


Message History

The water moccasin poisons you!
You feel sick.
You feel sick.
You feel sick.
The crimson imp blinks!
You feel sick.
Found a scroll labeled ETROQOT TASHRIE.
* * * LOW HITPOINT WARNING * * *
You feel sick.
It was a potion of flight.
You feel very buoyant.
You fly up into the air.
* * * LOW HITPOINT WARNING * * *
You feel sick. The water moccasin bites you.
* * * LOW HITPOINT WARNING * * *
It was a potion of degeneration.
There was something very wrong with that liquid.
You feel weakened.
You feel dopey.
You feel clumsy.
* * * LOW HITPOINT WARNING * * *
You feel sick. The water moccasin bites you.
You die...

##### #...
##########.#######
#.................
##.###...@SO.....#
#....#.####.####?#
#......##.....##
#......#..O....# #
#....#.#.ยง.....#.##
##>........_.......
#####.#.5.....#.##
...#.......#..#
###.##.....## ..


You could see a water moccasin and an ogre.

Vanquished Creatures
  Eustachio (D:6)
  2 ice beasts
  An orc warrior (D:8)
  2 ogres (D:8)
  A crocodile (D:8)
  2 elf zombies (Ossuary)
  3 bullfrogs
  A wyvern zombie (D:6)
  A water moccasin zombie (D:7)
  A scorpion (D:8)
  A howler monkey (D:5)
  4 crimson imps
  A centaur zombie (Ossuary)
  A bullfrog skeleton (D:5)
  A human zombie (Ossuary)
  A centaur skeleton (D:8)
  2 orc priests
  2 hounds
  An orc wizard (D:8)
  2 iguanas (D:7)
  3 worker ants
  A big kobold zombie (Ossuary)
  2 mummies (Ossuary)
  A worker ant zombie (D:5)
  7 gnolls
  8 adders
  A shadow imp (D:6)
  2 oozes
  An adder zombie (Ossuary)
  2 worms
  A dart slug (D:3)
  5 leopard geckos
  23 orcs
  4 giant cockroaches
  13 goblins
  6 hobgoblins
  10 jackals
  3 kobolds
  3 quokkas
  3 ball pythons
  5 bats
  3 frilled lizards (D:2)
  2 goblin zombies
  7 hobgoblin zombies (Ossuary)
  A jackal skeleton (D:6)
  A jackal zombie (Ossuary)
  11 kobold zombies (Ossuary)
  8 orc zombies (Ossuary)
  3 rats
  3 rat zombies
174 creatures vanquished.

Vanquished Creatures (others)
  A bat (D:3)
1 creature vanquished.

Grand Total: 175 creatures vanquished

Notes
Turn   | Place    | Note
-------+----------+-------------------------------------------
     0 | D:1      | inc the Felid Monk began the quest for the Orb.
     0 | D:1      | Reached XP level 1. HP: 10/10 MP: 2/2
   323 | D:1      | Reached XP level 2. HP: 12/14 MP: 3/3
   638 | D:1      | Reached XP level 3. HP: 11/17 MP: 4/4
  1101 | D:2      | Reached skill level 5 in Dodging
  1435 | D:2      | Found a deep blue altar of Sif Muna.
  1436 | D:2      | Found an ornate altar of the Wu Jian Council.
  1436 | D:2      | Found an opulent altar of Gozag.
  1441 | D:2      | Found a sacrificial altar of Ru.
  1461 | D:2      | Became a worshipper of the Wu Jian Council
  1461 | D:2      | Reached * piety under Wu Jian
  1461 | D:2      | Reached ** piety under Wu Jian
  1806 | D:2      | Reached XP level 4. HP: 21/21 MP: 5/5
  2660 | D:4      | Found a staircase to the Ecumenical Temple.
  2666 | Temple   | Entered the Ecumenical Temple
  2831 | D:4      | Found a bloodstained altar of Trog.
  2898 | D:4      | Noticed a phantom
  3532 | D:4      | Reached skill level 5 in Unarmed Combat
  3532 | D:4      | Reached XP level 5. HP: 21/24 MP: 6/6
  3825 | D:4      | Found Zipuset's General Store.
  4023 | D:5      | Entered Level 5 of the Dungeon
  4237 | D:5      | Reached skill level 3 in Stealth
  4247 | D:5      | Found a burning altar of Makhleb.
  4316 | D:5      | Reached *** piety under Wu Jian
  4351 | D:5      | Gained mutation: You are covered in thick fur. (AC +2) [Felid growth]
  4351 | D:5      | Reached XP level 6. HP: 18/28 MP: 7/7
  4803 | D:5      | Reached skill level 4 in Stealth
  5150 | D:6      | Found a sparkling altar of Nemelex Xobeh.
  5329 | D:6      | Learned a level 1 spell: Confusing Touch
  5398 | D:6      | Reached XP level 7. HP: 31/31 MP: 8/8
  5505 | D:6      | Reached skill level 1 in Hexes
  5684 | D:6      | Found a sand-covered staircase.
  5691 | Ossuary  | Entered an ossuary
  5894 | Ossuary  | Reached **** piety under Wu Jian
  6009 | Ossuary  | Reached skill level 5 in Stealth
  6076 | Ossuary  | Learned a level 3 spell: Confuse
  6750 | D:6      | Noticed Eustachio
  6905 | D:6      | Killed Eustachio
  6905 | D:6      | Reached XP level 8. HP: 27/36 MP: 7/9
  7934 | D:7      | Reached skill level 6 in Stealth
  8434 | D:8      | Reached skill level 5 in Fighting
  8455 | D:8      | Slain by an orc warrior
  8456 | D:8      | Reached XP level 7. HP: -5/33 MP: 8/8
  8479 | D:8      | Noticed a hand axe
  8479 | D:8      | Noticed a hand axe
  8482 | D:8      | Found a hide-covered altar of Uskayaw.
  8695 | D:8      | Reached skill level 7 in Stealth
  8701 | D:8      | Reached XP level 8. HP: 32/37 MP: 6/9
  9033 | D:8      | Reached skill level 8 in Stealth
  9263 | D:8      | Noticed Joseph
  9276 | D:8      | Shot with a sling bullet by Joseph
  9277 | D:8      | Reached XP level 7. HP: -4/33 MP: 8/8
  9293 | D:7      | Reached skill level 9 in Stealth
  9326 | D:7      | Found a radiant altar of Vehumet.
  9351 | D:7      | Slain by a water moccasin

Skill      XL: |  1  2  3  4  5  6  7  8 |
---------------+-------------------------+-----
Dodging        | 5 6 8 |  8.3
Unarmed Combat | 4 5 7 |  7.1
Stealth        | 3 4 9 8 |  9.0
Fighting       | 4 5 |  5.6
Hexes          | 4 |  4.6

Action                   |  1- 3 |  4- 6 |  7- 9 || total
-------------------------+-------+-------+-------++-------
Melee: Unarmed           |    87 |   216 |   412 ||   715
       Bite              |     4 |    16 |    50 ||    70
       Punch             |     1 |     7 |    10 ||    18
 Cast: Confusing Touch   |       |       |    28 ||    28
       Confuse           |       |       |     9 ||     9
Invok: Lunge             |     4 |    25 |    48 ||    77
       Whirlwind         |     1 |    93 |   160 ||   254
       Wall Jump         |       |     9 |     5 ||    14
  Use: Potion            |       |       |     2 ||     2
 Stab: Sleeping          |    10 |    14 |    11 ||    35
       Distracted        |       |     1 |     4 ||     5
       Confused          |       |       |    19 ||    19
  Eat: Chunk             |     5 |    10 |     4 ||    19
Armor: Skin              |     3 |    10 |    14 ||    27
Dodge: Dodged            |    58 |   155 |   257 ||   470
